← All builds
Suicide front / Armada / Factory first / OBSERVED BUILD

Standard suicide front

Armada Suicide front build order · Supreme Isthmus

The role's baseline: Bot Lab at 0:21 then straight into reclaim-fed T1 bot production to contest the middle and hold until T2 arrives, with an Advanced Metal Extractor around 9:45.

#rush · 2028 distinct matches · 233 players · 72% of Armada Suicide front games · team won 59% of 2406 · Recently observed

HOW TO PLAY IT

Key timing: Bot Lab by 0:20

  1. Open with mex and lab-first to get Bot Lab up by 0:20.
  2. Expand mex and wind while lab pumps units toward middle.
  3. Push Sentry and early Rocketeer, Centurion to contest middle.
  4. Get T2 constructor out once Pond's boost lets you spare metal.
  5. Upgrade mex to Advanced Metal Extractor as you transition off T1 spam.

Phase by phase

TYPICAL OF ITS 2028 GAMES
  1. 1
  2. 2
  3. 3
PLAY THE OPENING

Follow the example game's first 6:00 step by step: what to build now, what comes next, and where it goes. At 1× it keeps pace with your own game.

  1. 1

    Bot Lab first

    Order
    1. Bot LabBot Lab done ~0:24, middle half 0:20–0:33

    Some games also: mex (44%)

  2. 2

    Bot Lab to 5:00

    Economy
    • Metal Extractor5Mex
    • Wind Turbine4Wind
    Builders
    • Construction Bot3 Con bot
    • Lazarus2 Lazarus
    Army
    • Sentry4 Sentry
    • Rocketeer16 Rocketeer
    • Tick2 Tick
    • Centurion1 Centurion
    Other
    • Radar Tower1 Radar Tower

    Some games also: pawn (38%) · con turret (34%)

    By 5:00 in all: 5 mex · 4 wind

    The example game in this phase · 28 steps
    1. Wind
    2. LazarusLazarus
    3. Wind
    4. SentrySentry
    5. CenturionCenturion
    6. Mex ×2
    7. LazarusLazarus
    8. CenturionCenturion
    9. Mex
    10. SentrySentry
    11. Construction BotCon bot
    12. Mex
    13. SentrySentry
    14. Construction BotCon bot
    15. SentrySentry
    16. TickTick
    17. RocketeerRocketeer ×2
    18. SentrySentry
    19. RocketeerRocketeer ×3
    20. LazarusLazarus
    21. TickTick
    22. RocketeerRocketeer
    23. SentrySentry
    24. RocketeerRocketeer ×4
    25. Construction BotCon bot
    26. SentrySentry
    27. LazarusLazarus
    28. RocketeerRocketeer
  3. 3

    5:00 to 10:00

    Economy
    • Metal Extractor1Mex
    • Wind Turbine15Wind
    Builders
    • Construction Turret2 Con turret
    • Lazarus2 Lazarus
    • Construction Bot1 Con bot
    Army
    • Sentry1 Sentry
    • Rocketeer8 Rocketeer

    Some games also: pawn (49%) · Radar Tower (46%) · tick (45%) · centurion (44%) · energy storage (42%) · eat Bot Lab (31%)

    By 10:00 in all: 6 mex · 21 wind · 1 energy storage · 2 con turret

    The example game in this phase · 126 steps
    1. RocketeerRocketeer
    2. SentrySentry
    3. RocketeerRocketeer ×2
    4. SentrySentry
    5. RocketeerRocketeer
    6. Radar TowerRadar Tower
    7. Wind
    8. SentrySentry
    9. TickTick
    10. LazarusLazarus ×3
    11. Construction BotCon bot
    12. SentrySentry
    13. RocketeerRocketeer ×2
    14. TickTick
    15. RocketeerRocketeer ×4
    16. Wind
    17. RocketeerRocketeer
    18. Wind
    19. LazarusLazarus
    20. Wind
    21. RocketeerRocketeer
    22. TickTick
    23. Wind
    24. TickTick
    25. RocketeerRocketeer ×2
    26. Wind ×2
    27. RocketeerRocketeer
    28. Wind
    29. Construction BotCon bot
    30. RocketeerRocketeer
    31. Wind ×2
    32. RocketeerRocketeer
    33. Wind
    34. Mex
    35. RocketeerRocketeer
    36. Wind
    37. SentrySentry
    38. RocketeerRocketeer
    39. Advanced Metal ExtractorT2 mexdone 10:24 · typical 9:46
    40. Wind ×3
    41. RocketeerRocketeer
    42. Energy storage
    43. Wind
    44. RocketeerRocketeer
    45. Wind
    46. RocketeerRocketeer ×4
    47. Wind ×2
    48. RocketeerRocketeer ×3
    49. Wind
    50. RocketeerRocketeer
    51. Wind
    52. LazarusLazarus
    53. Advanced Metal ExtractorT2 mex
    54. Wind
    55. RocketeerRocketeer
    56. Wind
    57. TickTick ×2
    58. Wind
    59. RocketeerRocketeer
    60. Wind
    61. RocketeerRocketeer
    62. Wind
    63. RocketeerRocketeer
    64. Construction BotCon bot
    65. Wind
    66. RocketeerRocketeer
    67. Wind
    68. Mex
    69. RocketeerRocketeer
    70. Advanced Metal ExtractorT2 mex
    71. LazarusLazarus
    72. TickTick
    73. Wind
    74. TickTick
    75. RocketeerRocketeer
    76. PawnPawn
    77. Wind
    78. PawnPawn
    79. Wind
    80. PawnPawn ×2
    81. Wind
    82. PawnPawn
    83. Wind
    84. TickTick ×2
    85. Wind
    86. PawnPawn
    87. Wind
    88. PawnPawn
    89. Wind
    90. PawnPawn ×2
    91. Wind
    92. PawnPawn
    93. Wind
    94. TickTick
    95. FatboyFatboydone 12:52
    96. TickTick
    97. PawnPawn
    98. Wind
    99. PawnPawn
    100. Wind
    101. PawnPawn
    102. Wind
    103. PawnPawn ×2
    104. Wind
    105. TickTick ×2
    106. Wind
    107. PawnPawn
    108. VeilVeil
    109. Wind
    110. PawnPawn ×2
    111. Wind ×2
    112. BeamerBeamer
    113. PawnPawn
    114. Wind
    115. PawnPawn
    116. RattlesnakeRattlesnakenot finished by 15:00
    117. Wind ×2
    118. BeamerBeamer
    119. TickTick
    120. Wind
    121. Construction BotCon bot
    122. Con turret
    123. Wind ×3
    124. Construction BotCon bot
    125. Wind ×2
    126. BeamerBeamer

Counts are medians over the build's games: half of them build more, half fewer. The example game is [Crd]HahnII's (31 OS, 12/10/2026); pick another.

Team trades

IN AT LEAST 30% OF ITS GAMES

You hand over

Nothing regular.

You get

  • Tidal Generator4 Tidal from Pondfirst at 0:10 · in 68% of games
  • Advanced Construction Bot1 T2 con bot from Geo or Techfirst at 7:41 · in 57% of games

How it plays out

Typical game of this build, running totals by minute

Metal produced

010k20k
0:005:0010:0015:00

metal

Enemy metal destroyed

05k10k
0:005:0010:0015:00

metal

Own metal lost

05k10k
0:005:0010:0015:00

metal

2406 games.

Show as table
ByMetal produced: This buildEnemy metal destroyed: This buildOwn metal lost: This build
1:0023000
2:0088700
3:002008184130
4:003109645501
5:00418413531000
6:00534721831707
7:00654330512589
8:00776039363499
9:00904646894375
10:001041253125161
11:001188958585966
12:001357864076686
13:001539668767455
14:001729675048213
15:001925281069007
WHAT THE NUMBERS SAY

Standard Suicide front play wins a bit over half its games while taking the heaviest own losses of any role by 15:00.

  • + Produces 20142 metal by 15:00, highest of the front roles.
  • + First kill by 2:01 in all games, fastest contest of middle.
  • − Own metal lost hits 9178 by 15:00, more than enemy metal destroyed.
  • − Only 34% Rocketeer share shows army spread thin across many bot types.
THE EXAMPLE YOU ARE READING

[Crd]HahnII

31.0 OS · 12/10/2026

Open source match ↗

5 received units · includes a constructor
188 metal received · 15145 energy received

Allied construction assistance is unknown. Timings are observations, not a promise of solo reproducibility.

Typical milestones

Bot Lab0:24Middle 50%: 0:20–0:33 · n=2398
Advanced Metal Extractor9:46Middle 50%: 8:50–10:58 · n=1738

Played most by

_X_262games of this buildPlatinumBlonde188games of this buildXad166games of this buildTrapCaT109games of this buildSoliloqueur81games of this build